AoeStats
← Jespi6

Arabia

505264182Analyzed
1v1 RM · 24d ago on Sep 8, 2026· 45m 33s· 2 players
Game mode
Random Map
Map size
Tiny (2 player)
Population
200
Speed
Normal
Resources
Standard
Victory
Conquest
Starting age
Dark Age
Ending age
Imperial Age
RankedLock teamsTeams togetherTeam positionsShared explorationLock speedFull tech treeHidden civsTurbo modeCheats
Victory
Defeat
🇨🇳 Franks · China
1119
+14
🇪🇸 Teutons · Spain
1077
-14
Jespi6
12:43 Feudal Age
20:20 Castle Age
18:06 Loom
20:57 Pikeman
21:38 Squires
22:08 Pikeman
32:27 Imperial Age
280931900
7:45 Loom
10:08 Feudal Age
19:40 Castle Age
18:01 Double-Bit Axe
18:44 Town Watch
19:11 Gold Mining
19:41 Forging
20:12 Scale Barding Armor
23:21 Wheelbarrow
Connection lost

Rejoining the realm…

Still unreachable

The connection could not be restored.

Session expired

The server has moved on; the page needs a fresh start.